 Dungeon Crawl Stone Soup version 0.14-a0-1626-g054e7ae (webtiles) character file.

592 CrazyArbalest the Cudgeler (level 6, 0/66 HPs)
             Began as an Ogre Berserker on Dec 25, 2013.
             Was a Priest of Trog.
             Slain by a gnoll
             ... wielding a +2,+1 spear of dragon slaying
              (7 damage)
             ... on Level 4 of the Dungeon.
             The game lasted 00:15:14 (3092 turns).

CrazyArbalest the Cudgeler (Ogre Berserker)         Turns: 3092, Time: 00:15:14

HP   0/66        AC  3     Str 23      XL: 6   Next: 67%
MP   6/6         EV 11     Int  7      God: Trog [***...]
Gold 229         SH  0     Dex 10      Spells:  0 memorised,  5 levels left

rFire  + . .     SeeInvis .     a - +0 mace
rCold  . . .     Clarity  +     b - +0 animal skin
rNeg   . . .     Conserve .     (shield restricted)
rPois  .         rCorr    .     (helmet restricted)
rElec  .         rRot     .     (no cloak)
SustAb . .       Spirit   .     (gloves unavailable)
rMut   .         Warding  .     (boots unavailable)
Saprov + . .     Stasis   .     o - amulet of clarity {unknown}
                                (no ring)
                                w - ring of protection from fire {unknown}

@: exhausted, slowed, very slow, slightly resistant to hostile enchantments,
unstealthy
A: unfitting armour, fast metabolism 1, saprovore 1, tough skin 1
a: Burn Spellbooks, Berserk, Trog's Hand, Renounce Religion


You were on level 4 of the Dungeon.
You worshipped Trog.
Trog was most pleased with you.
You were very hungry.

You visited 1 branch of the dungeon, and saw 4 of its levels.

You collected 229 gold pieces.

Inventory:

Hand weapons
 a - a +0,+0 mace (weapon)
Missiles
 j - 5 tomahawks (quivered)
Armour
 b - a +0 animal skin (worn)
Comestibles
 c - 2 meat rations
 k - a choko
 z - 11 strawberries
Scrolls
 d - a scroll of noise {unknown}
 f - 4 scrolls of enchant weapon I {unknown}
 g - 3 scrolls of remove curse {unknown}
 h - 2 scrolls of enchant armour {unknown}
 i - 5 scrolls of identify {unknown}
 l - 2 scrolls of random uselessness {unknown}
 m - 2 scrolls of recharging {unknown}
 n - a scroll of amnesia {unknown}
 q - a scroll of magic mapping {unknown}
 t - a scroll of teleportation {unknown}
 u - a scroll of curse jewellery {unknown}
Jewellery
 o - an amulet of clarity (around neck) {unknown}
 w - a ring of protection from fire (left hand) {unknown}
Potions
 p - a potion of brilliance {unknown}
 r - a potion of might {unknown}
 v - a potion of poison {unknown}
 x - a potion of speed {unknown}
Books
 s - a book of the Earth

   Spells                             Type                      Level
   Dig                                Earth                        4
   Leda's Liquefaction                Hexes/Earth                  4
   Bolt of Magma                      Conjuration/Fire/Earth       5
   Statue Form                        Transmutation/Earth          6
   Iron Shot                          Conjuration/Earth            6
   Shatter                            Earth                        9
   Trog disapproves of the use of such an item.


   Skills:
 + Level 5.6 Fighting
 + Level 5.9 Maces & Flails
 + Level 5.2 Dodging
 + Level 0.3 Stealth


You had 5 spell levels left.
You didn't know any spells.

Dungeon Overview and Level Annotations

Branches:
Dungeon (4/16)
 Temple: D:4-7

Altars:


Innate Abilities, Weirdness & Mutations

You are too large for most types of armour.
You have a fast metabolism.
You can tolerate rotten meat.
You have tough skin (AC +1).


Message History

Unknown command.
Unknown command.
Unknown command.
Drink which item? (? for menu, Esc to quit)
You feel much better.
It was a potion of heal wounds.
The gnoll barely misses you. The gnoll hits you with a flail.
* * * LOW HITPOINT WARNING * * *
You hit the gnoll.
You kill the gnoll!
Trog accepts your kill. The gnoll closely misses you.
The gnoll hits you from afar with a runed spear.
* * * LOW HITPOINT WARNING * * *
The gnoll completely misses you.
Things that are here:
a flail; a gnoll corpse You barely miss the gnoll.
The gnoll hits you with a runed spear.
* * * LOW HITPOINT WARNING * * *
The gnoll hits you with a runed spear!
You die...

###### #### .....# .....
.....# ####....... .....#
##########..'.....g.
.....####......)@g.##.......
.....'....########## .....
.....###### .... .....# ...
.....# . ....## .####
...###### ####### ###+##
...'....####.....# #....#


You could see a gnoll.

Vanquished Creatures
  An ogre (D:4)
  Satan Claus (D:2)
  A worker ant (D:4)
  An orc wizard (D:3)
  4 gnolls
  2 worms (D:3)
  5 adders
  2 giant geckos
  8 orcs
  6 hobgoblins
  6 kobolds
  A ball python (D:3)
  6 bats
  4 giant cockroaches
  3 giant newts
  8 goblins
  2 rats (D:1)
  A fungus (D:1)
62 creatures vanquished.

Vanquished Creatures (others)
  A bat (D:4)
1 creature vanquished.

Grand Total: 63 creatures vanquished

Notes
Turn   | Place    | Note
--------------------------------------------------------------
     0 | D:1      | CrazyArbalest, the Ogre Berserker, began the quest for the Orb.
     0 | D:1      | Reached XP level 1. HP: 24/24 MP: 1/1
   212 | D:1      | Reached XP level 2. HP: 20/32 MP: 2/2
   770 | D:2      | Reached XP level 3. HP: 40/40 MP: 3/3
   776 | D:2      | Acquired Trog's second power
   847 | D:2      | Noticed Satan Claus
   857 | D:2      | Killed Satan Claus
   857 | D:2      | Reached skill level 5 in Fighting
   857 | D:2      | Reached XP level 4. HP: 33/50 MP: 4/4
  1436 | D:3      | Reached skill level 5 in Maces & Flails
  1436 | D:3      | Reached XP level 5. HP: 51/57 MP: 5/5
  2534 | D:4      | Reached XP level 6. HP: 45/66 MP: 6/6
  2729 | D:4      | Noticed an ogre
  2737 | D:4      | Killed an ogre
  2737 | D:4      | Reached skill level 5 in Dodging
  3087 | D:4      | HP: 1/66 [gnoll/flail (5)]
  3092 | D:4      | Slain by a gnoll

Action                   |  1- 3 |  4- 6 || total
-------------------------+-------+-------++-------
Melee: Mace              |    64 |   198 ||   262
Invok: Berserk           |     1 |     1 ||     2
  Use: Potion            |       |     1 ||     1
